Map: Orbital Shipyard

Players

Slowed

  • Race: Terran Terran
  • League: Master

Miszu - Winner!

  • Race: Terran Terran
  • League: Master

VOD

Have the link to the VOD?

Description

Time

  • Played on: March 13, 2016, 10:36 a.m.
  • Length: 18:54
Show
View Real Time Build Order
Export as new Build Order

Slowed Terran 

Build Orders: Reaper Expand, Mech 

Get SALT Encoding   

  12  0:01  SCV  
  13  0:13  SCV  
  14  0:17  Supply Depot  
  14  0:25  SCV  
  15  0:39  SCV  
  15  0:40  Barracks  
  16  0:45  Refinery  
  16  0:51  SCV  
  17  1:03  SCV  
  18  1:15  SCV  
  19  1:28  Orbital Command  
  19  1:29  Reaper  
  20  1:46  Command Center  
  20  1:58  Supply Depot, SCV  
  21  2:02  Barracks Reactor  
  21  2:12  SCV  
  21  2:15  Refinery  
  21  2:24  SCV  
  21  2:25  Factory  
  22  2:36  SCV  
  23  2:43  Marine x2  
  25  2:48  SCV  
  25  3:01  SCV  
  25  3:02  Supply Depot  
  25  3:03  Marine x2  
  25  3:04  Orbital Command  
  28  3:11  Starport  
  28  3:12  Factory Tech Lab  
  28  3:16  SCV  
  29  3:21  Marine x2  
  31  3:29  SCV  
  31  3:31  SCV  
  31  3:34  Siege Tank  
  36  3:38  Marine  
  36  3:39  Marine  
  38  3:44  SCV  
  38  3:47  Medivac  
  41  3:51  SCV  
  42  3:56  Marine x2, SCV  
  45  4:04  Supply Depot  
  45  4:06  Siege Tank  
  48  4:10  SCV  
  48  4:11  SCV  
  48  4:14  Marine x2  
  52  4:25  Medivac  
  52  4:30  Command Center  
  54  4:32  Marine, SCV  
  54  4:34  Marine  
  57  4:41  SCV  
  57  4:44  SCV  
  59  4:46  Supply Depot  
  59  4:50  Refinery  
  59  4:53  SCV  
  60  5:05  Viking  
  61  5:07  SCV x2  
  61  5:12  Supply Depot  
  63  5:15  Refinery  
  63  5:19  SCV  
  64  5:25  SCV  
  65  5:31  SCV  
  65  5:33  Factory  
  66  5:36  Barracks Reactor  
  66  5:37  Factory, SCV  
  67  5:43  SCV  
  67  5:44  SCV  
  69  5:50  SCV  
  69  5:55  SCV  
  69  5:56  Orbital Command  
  70  5:58  Armory  
  70  6:07  Siege Tank  
  70  6:09  SCV x2  
  75  6:13  Supply Depot  
  75  6:15  Engineering Bay  
  75  6:19  Factory Tech Lab  
  75  6:21  Infernal Pre-Igniter, SCV  
  75  6:24  Hellion x2  
  80  6:27  SCV x2  
  82  6:33  SCV  
  82  6:39  Siege Tank  
  86  6:42  Orbital Command  
  86  6:45  SCV  
  86  6:46  Marine, Siege Tank  
  91  6:49  SCV  
  91  6:50  Viking  
  94  6:56  Hellion x2  
  94  6:58  Terran Vehicle Weapons Level 1  
  98  7:04  Marine  
  99  7:22  Marine  
  100  7:23  Siege Tank  
  100  7:27  SCV  
  100  7:28  Siege Tank  
  95  7:30  SCV  
  95  7:31  SCV  
  95  7:34  Hellion  
  95  7:35  Command Center  
  99  7:39  Refinery, SCV  
  99  7:41  Refinery  
  99  7:43  SCV  
  101  7:48  Viking  
  101  7:49  Viking  
  101  7:50  SCV  
  106  7:51  SCV  
  106  7:54  Missile Turret  
  106  7:55  Siege Tank  
  106  7:57  Missile Turret  
  106  7:58  SCV  
  111  8:01  Sensor Tower  
  111  8:02  Siege Tank  
  114  8:09  Missile Turret  
  114  8:10  Missile Turret  
  114  8:18  Hellion, SCV  
  117  8:23  Missile Turret  
  117  8:29  Supply Depot  
  117  8:30  Viking, Missile Turret  
  117  8:33  Supply Depot  
  117  8:35  Viking, Hellion, Siege Tank, SCV  
  125  8:46  Siege Tank, SCV  
  125  8:47  Hellion  
  125  8:48  Factory  
  131  8:49  Sensor Tower  
  131  8:55  Terran Vehicle And Ship Armor Level 1  
  131  8:56  Factory  
  131  8:57  Hellion  
  133  9:07  Siege Tank  
  135  9:26  Siege Tank  
  136  9:31  Viking x2, Hellion x2  
  136  9:32  Factory Tech Lab  
  136  9:33  SCV x2, Armory  
  140  9:48  Factory Tech Lab  
  140  10:01  Liberator  
  140  10:03  Liberator, Missile Turret  
  140  10:05  Missile Turret  
  140  10:11  Missile Turret  
  140  10:13  Siege Tank x3, Missile Turret  
  140  10:14  Siege Tank  
  152  10:16  Missile Turret  
  152  10:19  Missile Turret  
  152  10:20  Missile Turret  
  152  10:21  Refinery  
  158  10:23  Refinery, Missile Turret  
  158  10:25  SCV x2  
  160  10:32  Missile Turret  
  160  10:33  Missile Turret  
  160  10:45  Siege Tank  
  160  10:47  Planetary Fortress  
  160  10:49  Liberator x2  
  159  10:56  Siege Tank x2  
  158  11:08  Hellion x3  
  158  11:10  SCV x2  
  172  11:11  SCV  
  172  11:25  SCV  
  172  11:27  Supply Depot x2  
  172  11:29  Hellion, SCV x2  
  172  11:32  Supply Depot, Liberator  
  162  11:42  Hellion x3, Siege Tank  
  157  11:47  SCV x2  
  157  11:49  Viking  
  157  11:51  Refinery  
  157  11:53  Terran Ship Weapons Level 1  
  164  12:08  Terran Vehicle And Ship Armor Level 2  
  164  12:12  Starport  
  164  12:16  Siege Tank  
  164  12:17  Hellion, Siege Tank  
  164  12:18  Hellion  
  164  12:19  Viking  
  164  12:22  SCV  
  177  12:32  Viking, Siege Tank  
  177  12:33  Command Center  
  177  12:36  Hellion  
  182  12:39  Siege Tank  
  185  12:49  Viking  
  184  12:53  Siege Tank x2  
  190  13:02  Viking  
  192  13:17  Starport Tech Lab  
  192  13:20  Missile Turret  
  192  13:21  Missile Turret x2  
  192  13:22  Starport x2  
  192  13:23  Starport  
  180  13:41  Command Center x2  
  180  13:56  Terran Vehicle Weapons Level 2  
  180  14:00  Hellion x3, Siege Tank x3  
  169  14:21  Hellion, Siege Tank  
  169  14:22  Hellion  
  143  14:32  Starport Tech Lab, Siege Tank x3  
  143  14:33  Starport Tech Lab x2  
  151  14:43  Hellion x2  
  154  14:54  Siege Tank, Banshee x4  
  154  14:56  Viking x2  
  173  15:03  Factory x2  
  173  15:04  Hellion x4, Siege Tank  
  174  15:33  Hellion, Siege Tank x2  
  182  15:37  Banshee x2  
  182  15:39  Refinery  
  188  15:43  Refinery x2, Missile Turret x3  
  188  15:44  Refinery, Command Center  
  188  15:48  Banshee x2  
  188  15:49  Cloaking Field  
  185  16:05  Siege Tank  
  185  16:06  Fusion Core, Siege Tank  
  185  16:10  Planetary Fortress  
  189  16:13  SCV  
  189  16:14  SCV x2  
  189  16:18  Siege Tank  
  195  16:20  Banshee  
  195  16:23  Siege Tank  
  199  16:32  SCV x2  
  196  16:47  Siege Tank  
  196  17:07  Hyperflight Rotors  
  196  17:13  Factory Tech Lab x2  
  188  17:23  Battlecruiser x2  
  194  17:44  Siege Tank x2  
  197  17:54  Siege Tank  
  197  17:55  Siege Tank  
  179  18:19  SCV x2  
  181  18:21  Siege Tank x2  
  184  18:31  Hellion x4  
  189  18:38  Command Center  
  189  18:40  Command Center x2  
Show
View Real Time Build Order
Export as new Build Order

Miszu Terran - Winner!

Build Orders: MMM Bio 

Get SALT Encoding   

  12  0:00  SCV  
  13  0:12  SCV  
  14  0:18  Supply Depot  
  14  0:25  SCV  
  15  0:40  SCV  
  15  0:41  Barracks  
  16  0:43  Refinery  
  16  0:52  SCV  
  18  1:04  SCV  
  18  1:17  SCV  
  19  1:29  Orbital Command  
  19  1:35  Barracks Reactor  
  19  1:41  Supply Depot  
  19  1:50  Command Center  
  19  1:54  Supply Depot  
  19  1:57  SCV  
  19  2:09  SCV  
  20  2:20  Marine x2  
  20  2:21  SCV  
  23  2:24  Factory  
  23  2:25  Refinery  
  23  2:33  SCV  
  24  2:38  Marine x2  
  25  2:45  SCV  
  25  2:58  SCV  
  26  3:01  Marine x2  
  28  3:10  SCV  
  28  3:11  Starport, Factory Tech Lab  
  29  3:19  Marine x2  
  31  3:24  SCV, Orbital Command  
  35  3:36  SCV  
  36  3:42  Marine  
  36  3:43  Marine  
  36  3:46  Widow Mine  
  36  3:47  Medivac  
  39  3:48  SCV  
  39  3:50  SCV  
  39  3:54  Supply Depot  
  41  4:00  Marine x2, SCV  
  41  4:02  SCV  
  45  4:13  SCV  
  46  4:19  Siege Tank  
  46  4:20  Viking  
  46  4:22  SCV  
  52  4:25  Supply Depot  
  52  4:29  SCV  
  53  4:35  Command Center  
  53  4:36  SCV  
  54  4:47  SCV  
  54  4:48  Barracks  
  54  4:49  Barracks, SCV  
  56  4:59  SCV  
  57  5:04  Marine x2  
  57  5:05  Viking, Siege Tank  
  62  5:13  SCV x2  
  64  5:22  Marine  
  64  5:23  Engineering Bay  
  64  5:24  Refinery  
  64  5:25  Refinery, SCV  
  64  5:26  SCV  
  67  5:37  SCV  
  67  5:38  SCV  
  69  5:49  Marine x2  
  63  5:51  Barracks Tech Lab x2, Orbital Command  
  63  5:52  Siege Tank  
  63  5:53  Starport Reactor, SCV x2  
  63  5:54  Terran Infantry Weapons Level 1  
  68  6:05  SCV x2  
  68  6:07  Orbital Command  
  68  6:10  Stimpack  
  68  6:11  Barracks  
  70  6:12  Barracks, Combat Shields  
  70  6:17  SCV  
  71  6:19  Marine x2  
  71  6:24  Supply Depot  
  71  6:25  SCV  
  76  6:29  Medivac x2  
  76  6:30  SCV  
  79  6:35  Marine  
  79  6:36  Marine  
  79  6:38  Siege Tank, SCV  
  85  6:41  Orbital Command  
  82  6:51  Marine  
  82  6:52  Marine  
  82  6:53  Marine  
  82  6:54  SCV  
  86  6:59  Supply Depot, Marine  
  86  7:00  Supply Depot, Marine  
  86  7:01  Marine  
  89  7:11  Marine  
  90  7:16  Marine  
  87  7:29  Marine x2, Orbital Command  
  85  7:30  Marine x3, Siege Tank  
  85  7:34  Marine  
  92  7:38  Medivac x2  
  92  7:39  SCV x2  
  98  7:47  Marine x2  
  98  7:48  Marine x2  
  98  7:51  Factory, SCV x2  
  104  7:52  Refinery  
  104  7:55  SCV  
  104  7:56  Terran Infantry Armor Level 1  
  104  7:57  Refinery  
  105  7:59  Engineering Bay  
  105  8:01  Armory  
  105  8:03  Siege Tank, SCV  
  109  8:17  Barracks Tech Lab x2  
  109  8:23  Supply Depot  
  109  8:24  Supply Depot  
  109  8:30  Supply Depot  
  109  8:31  Supply Depot  
  109  8:44  Medivac  
  109  8:45  Marauder x3, Concussive Shells  
  109  8:46  Marine x2, Marauder, SCV x3  
  124  8:49  Terran Infantry Weapons Level 2  
  124  8:51  Supply Depot  
  124  8:52  Medivac  
  124  8:54  Supply Depot  
  119  8:58  SCV x2  
  121  9:04  Marine x2  
  121  9:06  Marine, Marauder x2  
  121  9:08  Marauder  
  127  9:24  Marine x2, Marauder  
  126  9:27  Marine  
  126  9:28  Marine, Marauder  
  131  9:40  Missile Turret  
  131  9:41  Marine, Terran Vehicle Weapons Level 1  
  131  9:42  Marine, Missile Turret  
  131  9:43  Missile Turret  
  131  9:45  Marine x2  
  135  9:46  Marine  
  135  9:48  Marine  
  135  9:49  Medivac  
  139  9:53  Supply Depot  
  139  9:54  Supply Depot  
  139  9:59  Marine  
  140  10:00  Marine  
  140  10:03  Marine x2, Missile Turret  
  140  10:04  Marine  
  140  10:06  Marine  
  144  10:15  Terran Infantry Armor Level 2  
  144  10:17  Marine x2  
  150  10:21  Marauder x2  
  150  10:22  Marauder  
  150  10:24  Marine  
  157  10:42  Marauder x2  
  157  10:49  Marine x3, Marauder  
  158  10:50  Siege Tank  
  158  11:00  Factory Tech Lab  
  158  11:03  Marine x2  
  160  11:07  Marine x3  
  160  11:10  Marine  
  154  11:22  Marauder x2  
  154  11:23  Siege Tank  
  154  11:24  Marine  
  154  11:25  Marine x2  
  163  11:28  Marauder  
  137  11:42  Marine x2  
  137  11:43  Marine, Marauder x2  
  108  11:49  Marine  
  108  11:52  Terran Infantry Weapons Level 3  
  109  11:55  Siege Tank  
  109  11:56  Medivac  
  109  12:00  Marine  
  109  12:01  Marine, Marauder  
  118  12:03  Command Center  
  118  12:04  Marauder  
  118  12:05  Marauder  
  118  12:08  Marauder  
  124  12:18  Marine x2  
  124  12:22  Marauder, SCV x2  
  125  12:26  Marauder x2  
  125  12:28  Marine  
  126  12:36  Marine x2  
  128  12:44  Marauder  
  130  12:47  Marine, Marauder x2  
  135  12:54  Marine x2  
  137  12:59  Terran Infantry Armor Level 3  
  137  13:05  Marauder x2  
  141  13:08  Marine  
  141  13:09  Marauder  
  141  13:11  Marine  
  141  13:12  Marine, Siege Tank  
  149  13:15  Barracks  
  149  13:21  Orbital Command  
  149  13:26  Marine, Marauder x2  
  154  13:29  Marine  
  154  13:30  Marine, Marauder  
  154  13:33  Supply Depot x2  
  158  13:35  Barracks  
  158  13:38  Barracks  
  158  13:45  Marauder  
  158  13:47  Marine x3  
  158  13:48  Marauder  
  165  13:51  Marauder  
  166  13:59  SCV  
  166  14:05  Marauder  
  166  14:08  Marauder  
  169  14:15  Bunker  
  169  14:16  Missile Turret  
  129  14:24  Marine x4, Marauder  
  100  14:26  Marine  
  100  14:29  Marine  
  103  14:40  Planetary Fortress  
  103  14:41  Marine  
  103  14:42  Marine x3  
  103  14:43  SCV  
  103  14:44  Marine  
  103  14:45  Marine  
  110  14:48  Marauder  
  112  14:58  Medivac x2  
  112  14:59  Marine, SCV  
  118  15:00  Marine x3, SCV  
  118  15:02  Marine, SCV  
  118  15:03  Marine, Missile Turret  
  118  15:09  Marauder  
  118  15:12  SCV x2  
  116  15:14  SCV  
  116  15:17  Marine x2  
  116  15:18  Marauder  
  116  15:20  Marine, Marauder  
  125  15:24  SCV x2  
  125  15:25  SCV  
  125  15:26  SCV  
  129  15:30  Marine, Barracks Tech Lab x2  
  129  15:33  Barracks Tech Lab  
  129  15:35  Marine x2  
  130  15:36  SCV x2  
  130  15:37  SCV  
  130  15:38  SCV  
  130  15:39  Marauder x2  
  130  15:41  Marauder  
  141  15:44  Medivac x2  
  141  15:48  SCV x2  
  141  15:49  SCV  
  146  15:50  SCV  
  146  15:53  Marine  
  146  15:54  Marauder x2  
  152  16:01  SCV  
  152  16:06  Marine x4, Marauder  
  152  16:07  Siege Tank  
  161  16:11  Marine  
  161  16:13  SCV  
  161  16:15  Marine x2  
  164  16:23  Marine  
  164  16:24  Marine, Medivac, Marauder  
  164  16:25  Marauder  
  170  16:27  Marine  
  170  16:29  Marine  
  170  16:32  Marine  
  172  16:33  Marine  
  174  16:41  Marine  
  174  16:42  Marine  
  174  16:45  Marine, Marauder  
  174  16:46  Marauder  
  176  16:51  Marauder  
  166  16:59  Marine, Marauder  
  166  17:01  Marauder  
  159  17:05  Marauder  
  155  17:08  SCV  
  155  17:09  SCV x3  
  155  17:13  Marine  
  155  17:14  Marauder  
  161  17:16  Missile Turret  
  161  17:18  Missile Turret  
  161  17:20  SCV  
  161  17:21  SCV x3  
  161  17:22  Missile Turret  
  160  17:24  Marine x2  
  160  17:25  Marine x2, Marauder  
  160  17:26  Marine  
  167  17:31  Marine  
  167  17:33  SCV x4  
  167  17:35  Marine  
  173  17:42  Marine x2  
  173  17:43  Marauder x2  
  178  17:45  Marauder, SCV  
  178  17:46  Marauder  
  178  17:49  Marine  
  180  17:53  Marauder  
  176  18:00  Marine  
  176  18:01  Marauder  
  176  18:02  SCV x2  
  176  18:04  Marine  
  176  18:05  Marine, Marauder  
  182  18:06  SCV  
  182  18:07  Marine x2  
  182  18:12  SCV  
  187  18:14  Marine, SCV  
  187  18:15  SCV  
  187  18:18  Marine, SCV  
  187  18:19  Medivac x2  
  196  18:20  Command Center  
  196  18:24  SCV  
Tags
 
Add a new tag
Caveats
  • Supply blocks, unpowered buildings, or Contaminate may cause inaccurate times.
  • Supply counts are checked every 10 seconds.